 Dungeon Crawl Stone Soup version 0.30.1-11-g7821555f0a (webtiles) character file.

Game seed: 10345992832262093012

22888 Kallu the Artisan of Death (level 12, -4/101 HPs)
             Began as a Red Draconian Conjurer on Jan 15, 2024.
             Was a Priest of Kikubaaqudgha.
             Slain by a large abomination (34 damage)
             ... in a Gauntlet.
             The game lasted 00:40:20 (18582 turns).

Kallu the Artisan of Death (DrCj)                  Turns: 18582, Time: 00:40:21

Health: -4/101     AC: 11    Str: 11    XL:     12   Next: 67%
Magic:  8/24       EV: 13    Int: 29    God:    Kikubaaqudgha [***...]
Gold:   691        SH:  0    Dex:  9    Spells: 18/28 levels left

rFire   + . .        a - staff of death
rCold   . . .        (no shield)
rNeg    + . .        (body armour unavailable)
rPois   .            Q - +0 hat {SInv}
rElec   .            M - +0 cloak
rCorr   .            I - +1 pair of gloves
SInv    +            (no boots)
Will    .....        P - amulet of regeneration
Stlth   ++           x - +6 ring of intelligence
HPRegen 1.16/turn    (no ring)
MPRegen 0.19/turn

%: no teleportation
@: no status effects
A: breathe fire, AC +8, unfitting armour, fire resistance 1, cold-blooded
a: Breathe Fire, Renounce Religion, Unearth Wretches


You were in a Gauntlet.
You worshipped Kikubaaqudgha.
Kikubaaqudgha was most pleased with you.
You visited 3 branches of the dungeon, and saw 14 of its levels.
You also visited: Gauntlet.

You collected 826 gold pieces.
You spent 135 gold pieces at shops.

Inventory:

Hand Weapons
 b - a +2 war axe of pain
 y - a +2 flail of protection
Missiles
 A - 8 curare-tipped darts
 K - 17 poisoned darts
 O - 3 javelins
Armour
 G - the +0 buckler "Ullautuplo" {Rampage Will- MP+9 Str+4}
   (You found it on level 8 of the Dungeon)

   Str:       It affects your strength (+4).
   MP:        It affects your magic capacity (+9).
   Rampage:   It bestows one free step when moving towards enemies.
   Will:      It decreases your willpower.
 I - a +1 pair of gloves (worn)
 M - a +0 cloak (worn)
 N - the +2 cloak "Fifoph" {rPois rN+ Slay-5 SInv}
   (You found it in a Gauntlet)

   Slay:      It affects your accuracy & damage with ranged weapons and melee
   (-5).
   rPois:     It protects you from poison.
   rN:        It protects you from negative energy.
   SInv:      It lets you see invisible.
 Q - a +0 hat of see invisible (worn)
Magical Staves
 a - a staff of death (weapon)
 j - a staff of earth
Jewellery
 x - a +6 ring of intelligence (left hand)
 P - an amulet of regeneration (around neck)
Wands
 r - a wand of digging (6)
 C - a wand of flame (1)
 D - a wand of light (10)
 F - a wand of iceblast (8)
 L - a wand of mindburst (9)
Scrolls
 e - 4 scrolls of vulnerability
 g - 2 scrolls of teleportation
 i - 2 scrolls of magic mapping
 l - a scroll of enchant weapon
 m - 6 scrolls of poison
 n - 3 scrolls of fear
 o - 3 scrolls of noise
 t - 3 scrolls of fog {unknown}
 u - 3 scrolls of enchant armour {unknown}
 w - a scroll of immolation {unknown}
 z - a scroll of silence {unknown}
Potions
 c - a potion of cancellation {unknown}
 d - 3 potions of resistance
 f - 2 potions of haste {unknown}
 h - a potion of invisibility
 k - 8 potions of curing
 q - 4 potions of ambrosia
 s - 2 potions of attraction {unknown}
 v - 3 potions of flight {unknown}
 B - a potion of lignification {unknown}
 E - 3 potions of mutation {unknown}
 H - a potion of brilliance {unknown}
 R - 2 potions of magic
Miscellaneous
 J - a phial of floods (inert)


   Skills:
 - Level 8.0 Fighting
 - Level 4.0 Staves
 - Level 6.0 Dodging
 - Level 1.7 Stealth
 + Level 8.9 Spellcasting
 - Level 7.0 Conjurations
 - Level 14.0 Necromancy
 - Level 3.0 Translocations
 - Level 4.0 Earth Magic
 - Level 3.0 Evocations


You had 18 spell levels left.
You knew the following spells:

 Your Spells              Type           Power      Damage    Failure   Level
a - Magic Dart            Conj           100%       1d8       1%          1
b - Searing Ray           Conj           100%       2d8       1%          2
c - Vampiric Draining     Necr           96%        2d12      1%          3
d - Iskenderun's Mystic   Conj/Tloc      41%        2d9       5%          4

Your spell library contained the following spells:

 Spells                   Type           Power      Damage    Failure   Level
 Necrotise                Necr           100%       1d9       0%          1
 Sandblast                Erth           72%        2d16      1%          1
 Shock                    Conj/Air       100%       1d9       1%          1
 Cigotuvi's Dreadful Rot  Necr/Pois/Air  100%       N/A       1%          2
 Stone Arrow              Conj/Erth      88%        3d12      1%          3
 Animate Dead             Necr           96%        N/A       1%          4
 Dispel Undead            Necr           96%        3d30      1%          4
 Agony                    Necr           96%        N/A       1%          5
 Death Channel            Necr           48%        N/A       1%          6
 Passwall                 Tmut/Erth      20%        N/A       2%          2
 Dazzling Flash           Conj/Hex       66%        N/A       3%          3
 Slow                     Hex            48%        N/A       4%          1
 Mephitic Cloud           Conj/Pois/Air  26%        N/A       4%          3
 Call Imp                 Summ           24%        N/A       6%          2
 Fulminant Prism          Conj/Hex       16%        3d10      10%         4
 Confusing Touch          Hex            12%        N/A       13%         3
 Frozen Ramparts          Ice            24%        1d4       13%         3
 Swiftness                Air            12%        N/A       13%         3
 Simulacrum               Ice/Necr       34%        N/A       36%         6
 Airstrike                Air            6%         2d(1-17)  38%         4
 Ice Form                 Ice/Tmut       12%        N/A       38%         4
 Summon Ice Beast         Ice/Summ       12%        N/A       38%         4


Dungeon Overview and Level Annotations

Branches:
Dungeon (11/15)            Temple (1/1) D:4            Lair (2/5) D:11
    Orc (0/2) D:10        Gauntlet (1/1)
  Swamp: Lair:2-3    Shoals: Lair:2-3     Snake: Lair:2-3    Spider: Lair:2-3

Altars:
Ashenzari
Cheibriados
Dithmenos
Elyvilon
Fedhas
Gozag
Hepliaklqana
Kikubaaqudgha
Makhleb
Nemelex Xobeh
Okawaru
Qazlal
Ru
Sif Muna
Trog
Uskayaw
Vehumet
Wu Jian
Xom
Yredelemnul
Zin
The Shining One

Shops:
D:3 [   D:8 :*:[*

Annotations:
Gauntlet 9 transporters, exclusion: oklob plant


Innate Abilities, Weirdness & Mutations

You can breathe blasts of fire.
Your fiery red scales are hard. (AC +8)
You cannot fit into any form of body armour.
Your flesh is heat resistant. (rF+)
You are cold-blooded and may be slowed by cold attacks.


Message History

(Press . to maintain the ray.)
The large abomination hits you!
* * * LOW HITPOINT WARNING * * *
The searing ray hits the large abomination.
The large abomination is severely damaged.
The large abomination closely misses you.
The searing ray hits the large abomination.
The large abomination is severely damaged.
The large abomination closely misses you.
The searing ray hits the large abomination but does no damage.
The large abomination is severely damaged.
You finish channelling your searing ray.
The large abomination barely misses you.
Okay, then.
Casting: Searing Ray (safe; 1% risk of failure)
Confirm with . or Enter, or press ? or * to list all spells.
You erupt in a blast of force!
The mystic blast hits the large abomination.
The large abomination is severely damaged.
The large abomination is knocked back by the mystic blast.
Casting: Iskenderun's Mystic Blast (dangerous; 5% risk of failure)
Confirm with . or Enter, or press ? or * to list all spells.
Aiming: Searing Ray (safe; 1% risk of failure)
Press: ? - help, Shift-Dir - straight line The searing ray hits the large abomination but does no damage.
The large abomination is severely damaged. (Press . to maintain the ray.) Unknown command.
The searing ray hits the large abomination but does no damage.
The large abomination is severely damaged.
The large abomination barely misses you.
The searing ray hits the large abomination!
The large abomination is almost destroyed.
The large abomination hits you but does no damage.
The searing ray hits the large abomination.
The large abomination is almost destroyed.
You finish channelling your searing ray.
The large abomination hits you!!
You die...
Kikubaaqudgha rasps: "You have failed me!
Welcome... death!"

### ### ### ### ### ## #8# #8#
#8# #8# #8# #8
#########################
#≈.......................
#........................
###..###########...########
#8#..#.........#.8.#.^.....
###..#.##...##.#...#.##.##.
#####..#[.##@##..#####..#..^.
#≈8§#..#"..#X#.X.#...#.^##.##
##...#..#©..#©..x.#§.©#©..#©.#
...8.#..#!..#.#...#...#.#.##.#
##...#..#!.##.##..#####.^..^..
...8.#..#.##...##.#...#^##.##.
.#...#..#.........#...#.^.....
#...#..###########§..########
#.©.#≈.............≈.........


You could see a large abomination.

Vanquished Creatures
  Gastronok (Lair:1)
  A blizzard demon (Gauntlet)
  Snorg (D:11)
  A two-headed ogre (D:9)
  4 boulder beetles
  A swamp dragon (Lair:1)
  An ugly thing (D:10)
  3 manticores
  2 black mambas (Lair:1)
  2 cane toads (Lair:1)
  Maggie (D:8)
  A gargoyle (D:10)
  2 kobold demonologists (D:11)
  A rime drake (Lair:1)
  2 komodo dragons (Lair:1)
  2 ice devils (Gauntlet)
  3 trolls (D:11)
  3 blink frogs (Lair:1)
  3 wyverns
  9 vampire mosquitoes
  33 yaks
  A steam dragon (Lair:2)
  2 wargs (D:10)
  A large abomination (Gauntlet)
  5 water moccasins
  An acid dragon (D:11)
  3 ice beasts
  An orc warrior (D:10)
  4 black bears
  3 sky beasts (D:8)
  2 ogres
  7 centaurs
  4 bullfrogs
  4 kobold brigands
  4 small abominations (Gauntlet)
  3 scorpions (D:5)
  A gnoll sergeant (D:8)
  10 killer bees
  2 orc priests
  3 hounds
  A sleepcap (D:4)
  2 iguanas (D:5)
  7 orc wizards
  7 adders
  8 gnolls
  A shadow imp (D:7)
  2 white imps
  2 ufetubi
  3 worms
  2 dart slugs
  37 orcs
  6 bats
  7 endoplasms
  2 giant cockroaches (D:1)
  7 goblins
  8 hobgoblins
  3 jackals (D:1)
  12 kobolds
  6 ball pythons
  6 frilled lizards
  3 rats
270 creatures vanquished.

Vanquished Creatures (others)
  A catoblepas (D:11)
  A centaur warrior (D:11)
  A komodo dragon (D:11)
  2 bullfrogs
  An orc priest (D:11)
  An adder (D:11)
  2 kobolds
9 creatures vanquished.

Grand Total: 279 creatures vanquished

Notes
Turn   | Place    | Note
-------+----------+-------------------------------------------
     0 | D:1      | Kallu the Draconian Conjurer began the quest for the Orb.
     0 | D:1      | Reached XP level 1. HP: 14/14 MP: 3/3
   251 | D:1      | Reached XP level 2. HP: 11/20 MP: 0/5
   397 | D:1      | Learned a level 2 spell: Searing Ray
   597 | D:1      | Reached skill level 1 in Fighting
   752 | D:1      | Reached XP level 3. HP: 28/28 MP: 7/7
  1835 | D:2      | Reached XP level 4. HP: 33/38 MP: 2/8
  2540 | D:3      | Identified the +6 spear of Causality {speed, rN+ Will-
                  | Int+2}
  2741 | D:3      | Found a glowing golden altar of the Shining One.
  2757 | D:3      | Found a bloodstained altar of Trog.
  2757 | D:3      | Found a shimmering altar of Xom.
  2759 | D:3      | Found a shimmering blue altar of Sif Muna.
  2759 | D:3      | Found an ancient bone altar of Kikubaaqudgha.
  2759 | D:3      | Found an iron altar of Okawaru.
  2765 | D:3      | Became a worshipper of Kikubaaqudgha
  2841 | D:3      | Found Pues's Antique Armour Shoppe.
  3323 | D:4      | Reached XP level 5. HP: 45/45 MP: 9/9
  3340 | D:4      | Reached skill level 5 in Conjurations
  3518 | D:4      | Found a staircase to the Ecumenical Temple.
  3525 | Temple   | Entered the Ecumenical Temple
  3873 | D:4      | Reached skill level 1 in Necromancy
  3960 | D:4      | Reached skill level 2 in Necromancy
  4127 | D:4      | Reached XP level 6. HP: 50/51 MP: 10/10
  4403 | D:4      | Reached skill level 3 in Necromancy
  4673 | D:5      | Entered Level 5 of the Dungeon
  4734 | D:5      | Noticed a water moccasin
  4741 | D:5      | Killed a water moccasin
  4742 | D:5      | Reached skill level 4 in Necromancy
  5249 | D:5      | Your scales start taking on a fiery red colour.
  5249 | D:5      | Reached XP level 7. HP: 25/57 MP: 7/11
  5249 | D:5      | Gained mutation: Your flesh is heat resistant. (rF+) [Red
                  | Draconian growth]
  6834 | D:6      | Reached XP level 8. HP: 22/66 MP: 6/15
  6980 | D:6      | Learned a level 3 spell: Vampiric Draining
  7003 | D:6      | Reached skill level 5 in Spellcasting
  7159 | D:6      | Reached * piety under Kikubaaqudgha
  7159 | D:6      | Received a gift from Kikubaaqudgha
  7160 | D:6      | Reached skill level 5 in Necromancy
  7487 | D:7      | Reached skill level 6 in Necromancy
  7991 | D:7      | Reached skill level 7 in Necromancy
  8265 | D:7      | Found a white marble altar of Elyvilon.
  8583 | D:8      | Found Peddej's Book Shop.
  8652 | D:8      | Reached skill level 8 in Necromancy
  8652 | D:8      | Reached XP level 9. HP: 71/71 MP: 2/16
  8782 | D:8      | Found Fexerept's Book Emporium.
  8790 | D:8      | Found Imimiada's Antique Armour Shoppe.
  9056 | D:8      | Reached skill level 9 in Necromancy
  9136 | D:8      | Noticed Maggie
  9152 | D:8      | Killed Maggie
  9300 | D:8      | Found Egoulirr's Assorted Antiques.
  9305 | D:8      | Identified the +0 buckler "Ullautuplo" {Rampage Will- MP+9
                  | Str+4}
  9309 | D:8      | Bought a potion of heal wounds for 135 gold pieces
  9361 | D:8      | Reached skill level 10 in Necromancy
  9632 | D:8      | Found Gusmie's Assorted Antiques.
 10056 | D:8      | Found a hazy altar of Hepliaklqana.
 10470 | D:9      | Learned a level 4 spell: Iskenderun's Mystic Blast
 10532 | D:9      | Reached ** piety under Kikubaaqudgha
 10533 | D:9      | Reached XP level 10. HP: 58/78 MP: 3/19
 10540 | D:9      | Noticed a two-headed ogre
 10778 | D:9      | Killed a two-headed ogre
 11248 | D:10     | Entered Level 10 of the Dungeon
 11275 | D:9      | Reached skill level 5 in Fighting
 11758 | D:10     | Noticed a gargoyle
 12104 | D:10     | Reached skill level 11 in Necromancy
 12244 | D:10     | Reached XP level 11. HP: 89/92 MP: 17/21
 12483 | D:10     | Noticed a boulder beetle
 12501 | D:10     | Killed a boulder beetle
 12502 | D:10     | Reached skill level 12 in Necromancy
 12635 | D:10     | Found a staircase to the Orcish Mines.
 12795 | D:10     | Noticed a red ugly thing
 12807 | D:10     | Killed a red ugly thing
 13016 | D:10     | Reached skill level 1 in Evocations
 13039 | D:10     | Reached skill level 1 in Staves
 13580 | D:11     | Found a staircase to the Lair.
 13811 | D:11     | Noticed a boulder beetle
 13817 | D:11     | Reached *** piety under Kikubaaqudgha
 13817 | D:11     | Received a gift from Kikubaaqudgha
 14025 | D:11     | Killed a boulder beetle
 14234 | D:11     | Reached skill level 13 in Necromancy
 14416 | D:11     | Noticed a boulder beetle
 14457 | D:10     | Killed a boulder beetle
 14716 | D:11     | Noticed a boulder beetle
 14739 | D:11     | Killed a boulder beetle
 15242 | D:11     | Noticed Snorg
 15250 | D:11     | Killed Snorg
 15251 | D:11     | Reached skill level 14 in Necromancy
 15251 | D:11     | Reached XP level 12. HP: 78/100 MP: 16/22
 15422 | Lair:1   | Entered Level 1 of the Lair of Beasts
 16637 | Lair:1   | Noticed Gastronok
 16874 | Lair:1   | Reached skill level 5 in Dodging
 17403 | Lair:1   | Killed Gastronok
 17905 | Lair:2   | Found a gate leading to a gauntlet.
 18004 | Gauntlet | Entered a Gauntlet
 18004 | Gauntlet | Noticed a blizzard demon
 18004 | Gauntlet | Found a transporter.
 18004 | Gauntlet | Found a transporter.
 18004 | Gauntlet | Found a transporter.
 18108 | Gauntlet | Found a transporter.
 18112 | Gauntlet | Found a transporter.
 18128 | Gauntlet | Found a transporter.
 18143 | Gauntlet | Found a transporter.
 18156 | Gauntlet | Noticed a death scarab
 18160 | Gauntlet | Found a transporter.
 18162 | Gauntlet | Found a transporter.
 18168 | Gauntlet | Found a transporter.
 18208 | Gauntlet | Found a transporter.
 18237 | Gauntlet | Found a transporter.
 18365 | Gauntlet | Killed a blizzard demon
 18531 | Gauntlet | Identified the +2 cloak "Fifoph" {rPois rN+ Slay-5 SInv}
 18582 | Gauntlet | Slain by a large abomination

Illustrated notes

Levels and vault maps discovered:
D:1:      matt_arrival_grand_opening, layout_basic, minmay_pentomino_x4
D:2:      layout_basic
D:3:      layout_rooms, grunt_temple_overflow_open, serial_shops, shop
D:4:      layout_basic, minmay_temple_entry_trees
D:5:      layout_basic, minmay_lizard_king
D:6:      layout_basic, kennysheep_windowed_goal
D:7:      layout_cave_pods, elyvilon_altar_5
D:8:      layout_gridville, general_overflow_altar, serial_shops, shop,
          nicolae_square_shop, nicolae_lakefront_shop, nicolae_stop_n_shop_1,
          shop, uniq_maggie
D:9:      layout_cave_pools, grunt_ministairs_5
D:10:     minmay_wavy_crystal, layout_loops_ring, david_orc_3
D:11:     layout_rooms, lair_entry_dummy, uniq_snorg
Temple:   minmay_temple_curvy_branch
Lair:1:   layout_regular_city, pond, uniq_gastronok
Lair:2:   layout_cave_pods, gauntlet_entry_generic, st_stairs_13,
          lemuel_fruit_fields, infiniplex_staircase_pool_2
Gauntlet: gammafunk_gauntlet_shortcut [nicolae_gauntlet_arena_grate_2,
          gammafunk_gauntlet_arena_split_x, gammafunk_gauntlet_arena_corners,
          nicolae_gauntlet_arena_x, gammafunk_gauntlet_arena_arrow_garden,
          nicolae_gauntlet_arena_t_cross,
          nicolae_gauntlet_exit_dead_adventurers]

Skill      XL: |  1  2  3  4  5  6  7  8  9 10 11 12 |
---------------+-------------------------------------+-----
Spellcasting   | 3 4 5 6 7 8 |  8.9
Fighting       | 1 3 4 7 8 |  8.0
Conjurations   | 5 6 7 |  7.0
Necromancy     | 2 4 8 10 11 14 | 14.0
Earth Magic    | 4 |  4.0
Translocations | 3 |  3.0
Evocations     | 3 |  3.0
Staves         | 4 |  4.0
Dodging        | 2 6 |  6.0
Stealth        | |  1.7

Action                     |  1- 3 |  4- 6 |  7- 9 | 10-12 || total
---------------------------+-------+-------+-------+-------++-------
  Melee: Unarmed           |     7 |       |       |       ||     7
         Whip              |    30 |    21 |       |       ||    51
         Tailslap          |     2 |    11 |     4 |    23 ||    40
         War axe           |       |    60 |    35 |       ||    95
         Punch             |       |     1 |       |     3 ||     4
         Staff             |       |       |     9 |   149 ||   158
  Throw: Dart              |       |       |     1 |       ||     1
   Cast: Magic Dart        |    62 |    20 |     2 |     3 ||    87
         Searing Ray       |     1 |    23 |    41 |    64 ||   129
         Vampiric Draining |       |       |    47 |   141 ||   188
         Iskenderun's Myst |       |       |       |     2 ||     2
 Invoke: Unearth Wretches  |       |       |       |     2 ||     2
Ability: Breathe Fire      |       |       |     8 |    16 ||    24
  Evoke: Wand              |       |       |     3 |    24 ||    27
         Phial of floods   |       |       |       |     3 ||     3
    Use: Scroll            |       |     6 |     2 |     9 ||    17
         Potion            |       |       |     2 |     9 ||    11
   Stab: Distracted        |       |     1 |       |       ||     1
         Sleeping          |       |     1 |       |       ||     1
         Invisible         |       |       |       |     3 ||     3
 Armour: Skin              |    19 |    36 |    82 |   180 ||   317
  Dodge: Dodged            |    50 |    77 |   156 |   312 ||   595
